3AA
VIRGINIA BEACH DEUCES @ SAN BERNARDINO GRASSHOPPERS
08/24/2025
 
TOP OF THE 1ST
Virginia Beach Deuces batting - Pitching for San Bernardino Grasshoppers : RHP Jim Unknown
Pitching: RHP Jim Unknown
Batting: RHB Jorge Salgado 0-0: Called Strike
0-1: Ball
1-1: SINGLE (Flyball, 9S)
Batting: RHB David Abreu 0-0: Ball
1-0: Called Strike
1-1: Ball
2-1: Fielders Choice at 2nd, 6-4 (Groundball, 6)
Batting: RHB António Acosta 0-0: Called Strike
0-1: Ball
1-1: SINGLE (Groundball, 56D)
David Abreu to second
Batting: SHB Luis Manuel Flores 0-0: Called Strike
0-1: Ball
1-1: Foul Ball, location: 2F
1-2: Foul Ball, location: 2F
Error on foul ball, E2
1-2: Ball
2-2: Foul Ball, location: 2F
2-2: Ball
3-2: Foul Ball, location: 2F
3-2: Base on Balls
David Abreu to third
António Acosta to second
Batting: RHB Reg Spiers 0-0: Fly out, F3 (Flyball, 3DF)
Batting: SHB Juan Perales 0-0: Ball
1-0: Called Strike
1-1: Called Strike
1-2: Foul Ball, location: 2F
1-2: Strikes out swinging
Top of the 1st over - 0 run(s), 2 hit(s), 1 error(s), 3 left on base; Virginia Beach 0 - San Bernardino 0
BOTTOM OF THE 1ST
San Bernardino Grasshoppers batting - Pitching for Virginia Beach Deuces : RHP Cisco Ortíz
Pitching: RHP Cisco Ortíz
Batting: RHB Manuel García 0-0: Foul Ball, location: 2F
0-1: Foul Ball, location: 2F
0-2: Foul Ball, location: 2F
0-2: Ground out 6-3 (Groundball, 6)
Batting: RHB Jaime López 0-0: Ball
1-0: Swinging Strike
1-1: Fly out, F9 (Flyball, 9S)
Batting: SHB Zuberi Mccray 0-0: Called Strike
0-1: Called Strike
0-2: Ball
1-2: Strikes out looking
Bottom of the 1st over - 0 run(s), 0 hit(s), 0 error(s), 0 left on base; Virginia Beach 0 - San Bernardino 0
TOP OF THE 2ND
Virginia Beach Deuces batting - Pitching for San Bernardino Grasshoppers : RHP Jim Unknown
Batting: RHB Clarence Weber 0-0: Called Strike
0-1: Fly out, F7 (Flyball, 7LM)
Batting: RHB James Hill 0-0: Foul Ball, location: 2F
0-1: Foul Ball, location: 2F
0-2: Ball
1-2: Ball
2-2: Reached on error, E5 (Groundball, 56)
Batting: RHB Harry Freidricks 0-0: Ball
1-0: Called Strike
1-1: Ball
2-1: Ball
3-1: SINGLE (Flyball, 8LS)
James Hill to third
Batting: RHB Jorge Salgado 0-0: Foul Ball, location: 2F
0-1: Ball
1-1: Fly out, F5 (Line Drive, 5S)
Batting: RHB David Abreu 0-0: Foul Ball, location: 2F
0-1: Ball
1-1: SINGLE (Groundball, 34D)
James Hill scores
Harry Freidricks to second
Runner from 2nd tries for 3rd, SAFE, no throw
Batting: RHB António Acosta 0-0: SINGLE (Groundball, 3D)
Harry Freidricks scores
David Abreu to second
Runner from 2nd tries for 3rd, SAFE, no throw
Batting: SHB Luis Manuel Flores 0-0: Called Strike
0-1: Foul Ball, location: 2F
0-2: Ball
1-2: Strikes out swinging
Top of the 2nd over - 2 run(s), 3 hit(s), 1 error(s), 2 left on base; Virginia Beach 2 - San Bernardino 0
BOTTOM OF THE 2ND
San Bernardino Grasshoppers batting - Pitching for Virginia Beach Deuces : RHP Cisco Ortíz
Batting: LHB Michael Nelson 0-0: Ball
1-0: Ball
2-0: Ball
3-0: Called Strike
3-1: Base on Balls
Batting: RHB Alwin Vreekamp 0-0: Ball
Michael Nelson steals 2nd base
1-0: Ball
2-0: Called Strike
2-1: Ground out 4-3 (Groundball, 4)
Michael Nelson to third
Batting: LHB Natale Langushi 0-0: DOUBLE (Line Drive, 8LXD)
Michael Nelson scores
Batting: LHB Homer Spence 0-0: Foul Ball, location: 2F
0-1: Ball
1-1: Foul Ball, location: 2F
1-2: Foul Ball, location: 2F
1-2: Foul Ball, location: 2F
1-2: Strikes out swinging
Batting: RHB Matt Roloff 0-0: Ball
1-0: Swinging Strike
1-1: Called Strike
1-2: Ball
2-2: Ball
3-2: Strikes out swinging
Bottom of the 2nd over - 1 run(s), 1 hit(s), 0 error(s), 1 left on base; Virginia Beach 2 - San Bernardino 1
TOP OF THE 3RD
Virginia Beach Deuces batting - Pitching for San Bernardino Grasshoppers : RHP Jim Unknown
Batting: RHB Reg Spiers 0-0: Fly out, F8 (Flyball, 8RM)
Batting: SHB Juan Perales 0-0: Swinging Strike
0-1: Called Strike
0-2: Foul Ball, location: 2F
0-2: Foul Ball, location: 2F
0-2: Fly out, F3 (Line Drive, 3S)
Batting: RHB Clarence Weber 0-0: Ground out 6-3 (Groundball, 6)
Top of the 3rd over - 0 run(s), 0 hit(s), 0 error(s), 0 left on base; Virginia Beach 2 - San Bernardino 1
BOTTOM OF THE 3RD
San Bernardino Grasshoppers batting - Pitching for Virginia Beach Deuces : RHP Cisco Ortíz
Batting: RHB José Urruticodez 0-0: Ball
1-0: Called Strike
1-1: Swinging Strike
1-2: Strikes out swinging
Batting: RHB Manuel García 0-0: Called Strike
0-1: Ball
1-1: Called Strike
1-2: Strikes out swinging
Batting: RHB Jaime López 0-0: Foul Ball, location: 2F
0-1: Ball
1-1: Fly out, F8 (Flyball, 8RD)
Bottom of the 3rd over - 0 run(s), 0 hit(s), 0 error(s), 0 left on base; Virginia Beach 2 - San Bernardino 1
TOP OF THE 4TH
Virginia Beach Deuces batting - Pitching for San Bernardino Grasshoppers : RHP Jim Unknown
Batting: RHB James Hill 0-0: Swinging Strike
0-1: Ground out 5-3 (Groundball, 56S)
Batting: RHB Harry Freidricks 0-0: Foul Ball, location: 2F
0-1: Ball
1-1: Swinging Strike
1-2: Foul Ball, location: 2F
1-2: Ball
2-2: Strikes out swinging
Batting: RHB Jorge Salgado 0-0: Called Strike
0-1: Ball
1-1: Swinging Strike
1-2: Fly out, F8 (Flyball, 8RS)
Top of the 4th over - 0 run(s), 0 hit(s), 0 error(s), 0 left on base; Virginia Beach 2 - San Bernardino 1
BOTTOM OF THE 4TH
San Bernardino Grasshoppers batting - Pitching for Virginia Beach Deuces : RHP Cisco Ortíz
Batting: SHB Zuberi Mccray 0-0: Called Strike
0-1: Ball
1-1: Ball
2-1: Called Strike
2-2: Ball
3-2: Ground out 4-3 (Groundball, 4)
Batting: LHB Michael Nelson 0-0: Ground out 3-1 (Groundball, 34)
Batting: RHB Alwin Vreekamp 0-0: Ground out U3 (Groundball, 34S)
Bottom of the 4th over - 0 run(s), 0 hit(s), 0 error(s), 0 left on base; Virginia Beach 2 - San Bernardino 1
TOP OF THE 5TH
Virginia Beach Deuces batting - Pitching for San Bernardino Grasshoppers : RHP Jim Unknown
Batting: RHB David Abreu 0-0: Ball
1-0: Called Strike
1-1: Ball
2-1: DOUBLE (Flyball, 7LM)
Batting: RHB António Acosta 0-0: SINGLE (Flyball, 89S)
David Abreu to third
Runner from 3rd tries for Home, SAFE, no throw
Batting: SHB Luis Manuel Flores 0-0: Foul Ball, location: 2F
0-1: Ball
1-1: Called Strike
1-2: Strikes out looking
Batting: RHB Reg Spiers 0-0: Foul Ball, location: 2F
0-1: SINGLE (Groundball, 4D)
António Acosta to second
Runner from 2nd tries for 3rd, OUT!
Reg Spiers to second
Batting: SHB Juan Perales 0-0: Fly out, F8 (Flyball, 8LS)
Top of the 5th over - 1 run(s), 3 hit(s), 0 error(s), 1 left on base; Virginia Beach 3 - San Bernardino 1
BOTTOM OF THE 5TH
San Bernardino Grasshoppers batting - Pitching for Virginia Beach Deuces : RHP Cisco Ortíz
Batting: LHB Natale Langushi 0-0: Called Strike
0-1: Swinging Strike
0-2: Ball
1-2: Strikes out swinging
Batting: LHB Homer Spence 0-0: SINGLE (Line Drive, 56D)
Batting: RHB Matt Roloff 0-0: Swinging Strike
0-1: Ball
1-1: Swinging Strike
1-2: Fielders Choice at 2nd, 5-4 (Groundball, 5)
Batting: RHB José Urruticodez 0-0: Ball
1-0: Ball
2-0: Ball
3-0: Called Strike
3-1: Base on Balls
Matt Roloff to second
Batting: RHB Manuel García 0-0: Called Strike
0-1: Swinging Strike
0-2: Fly out, F9 (Flyball, 9S)
Bottom of the 5th over - 0 run(s), 1 hit(s), 0 error(s), 2 left on base; Virginia Beach 3 - San Bernardino 1
TOP OF THE 6TH
Virginia Beach Deuces batting - Pitching for San Bernardino Grasshoppers : RHP Jim Unknown
Batting: RHB Clarence Weber 0-0: Called Strike
0-1: Ball
1-1: Ball
2-1: DOUBLE (Line Drive, 78M)
Batting: RHB James Hill 0-0: Swinging Strike
0-1: SINGLE (Flyball, 89S)
Clarence Weber to third
Batting: RHB Harry Freidricks 0-0: Ball
1-0: Called Strike
1-1: Fielders Choice at 2nd, 1-6 (Groundball, P)
Batting: RHB Jorge Salgado 0-0: Ball
1-0: Foul Ball, location: 2F
1-1: Ball
2-1: Fielders Choice at 2nd, 6-4 (Groundball, 6M)
Clarence Weber scores
Batting: RHB David Abreu 0-0: Fielders Choice at 2nd, 5-4 (Groundball, 5)
Top of the 6th over - 1 run(s), 2 hit(s), 0 error(s), 0 left on base; Virginia Beach 4 - San Bernardino 1
BOTTOM OF THE 6TH
San Bernardino Grasshoppers batting - Pitching for Virginia Beach Deuces : RHP Cisco Ortíz
Batting: RHB Jaime López 0-0: Ball
1-0: Called Strike
1-1: Called Strike
1-2: Foul Ball, location: 2F
1-2: Ball
2-2: Ball
3-2: SINGLE (Groundball, 4D)
Batting: SHB Zuberi Mccray 0-0: Ball
1-0: Ball
2-0: Called Strike
2-1: Ball
3-1: Ground out 4-3 (Groundball, 34D)
Jaime López to second
Batting: LHB Michael Nelson 0-0: Called Strike
0-1: Ball
1-1: Called Strike
1-2: Foul Ball, location: 2F
1-2: Strikes out looking
Batting: RHB Alwin Vreekamp 0-0: Ball
1-0: Ball
2-0: Ball
3-0: Base on Balls
Batting: LHB Natale Langushi 0-0: Foul Ball, location: 2F
0-1: Ball
1-1: Called Strike
1-2: Ball
2-2: Ball
3-2: SINGLE (Line Drive, 89M)
Jaime López to third
Alwin Vreekamp to second
Jaime López scores
Alwin Vreekamp to third
Batting: LHB Homer Spence 0-0: Ball
1-0: Ball
2-0: Ball
3-0: Base on Balls
Natale Langushi to second
Batting: RHB Matt Roloff 0-0: Called Strike
0-1: Ball
1-1: Foul Ball, location: 2F
1-2: Ball
Wild Pitch!
Alwin Vreekamp scores
Natale Langushi to third
Homer Spence to second
2-2: Fly out, F9 (Flyball, 89S)
Bottom of the 6th over - 2 run(s), 2 hit(s), 0 error(s), 2 left on base; Virginia Beach 4 - San Bernardino 3
TOP OF THE 7TH
Virginia Beach Deuces batting - Pitching for San Bernardino Grasshoppers : RHP Jim Unknown
Batting: RHB António Acosta 0-0: Ball
1-0: Ball
2-0: Ball
3-0: Called Strike
3-1: Called Strike
3-2: Fly out, F7 (Flyball, 7D)
Batting: SHB Luis Manuel Flores 0-0: Swinging Strike
0-1: Swinging Strike
0-2: Ball
1-2: Foul Ball, location: 2F
1-2: Ball
2-2: Strikes out swinging
Batting: RHB Reg Spiers 0-0: Called Strike
0-1: Foul Ball, location: 2F
0-2: Strikes out swinging
Top of the 7th over - 0 run(s), 0 hit(s), 0 error(s), 0 left on base; Virginia Beach 4 - San Bernardino 3
BOTTOM OF THE 7TH
San Bernardino Grasshoppers batting - Pitching for Virginia Beach Deuces : RHP Cisco Ortíz
Batting: RHB José Urruticodez 0-0: Ball
1-0: SINGLE (Groundball, 6MD)
Pinch Hitting: RHB Parker Smith 0-0: Sac Bunt - play at first, batter OUT! 5-4
José Urruticodez to second
Pitching: RHP Ronaldo Baghina
Batting: RHB Jaime López 0-0: Called Strike
0-1: Ball
1-1: Foul Ball, location: 2F
1-2: Fly out, F8 (Flyball, 8LM)
Batting: SHB Zuberi Mccray 0-0: Fly out, F8 (Line Drive, 8LXD)
Bottom of the 7th over - 0 run(s), 1 hit(s), 0 error(s), 1 left on base; Virginia Beach 4 - San Bernardino 3
TOP OF THE 8TH
Virginia Beach Deuces batting - Pitching for San Bernardino Grasshoppers : RHP Jim Unknown
Now at SS: Parker Smith
Batting: SHB Juan Perales 0-0: Called Strike
0-1: Swinging Strike
0-2: Ball
1-2: Strikes out swinging
Batting: RHB Clarence Weber 0-0: Ball
1-0: Fly out, F9 (Flyball, 89D)
Batting: RHB James Hill 0-0: SINGLE (Flyball, 89S)
Pinch Hitting: RHB Luis Jelarde 0-0: Called Strike
0-1: Ball
1-1: Fly out, F4 (Popup, 34D)
Top of the 8th over - 0 run(s), 1 hit(s), 0 error(s), 1 left on base; Virginia Beach 4 - San Bernardino 3
BOTTOM OF THE 8TH
San Bernardino Grasshoppers batting - Pitching for Virginia Beach Deuces : RHP Ronaldo Baghina
Pitching: LHP José Carrasco
Now in RF: Luis Jelarde
Batting: LHB Michael Nelson 0-0: Ball
1-0: Called Strike
1-1: Ball
2-1: Fly out, F6 (Line Drive, 6M)
Pitching: RHP Manuel Vázquez
Batting: RHB Alwin Vreekamp 0-0: Ball
1-0: Swinging Strike
1-1: Called Strike
1-2: Foul Ball, location: 2F
1-2: SINGLE (Groundball, 4MD)
Batting: LHB Natale Langushi 0-0: Ball
1-0: Foul Ball, location: 2F
1-1: Ball
2-1: Ball
3-1: Grounds into double play, 6-4-3 (Groundball, 6MD)
Bottom of the 8th over - 0 run(s), 1 hit(s), 0 error(s), 0 left on base; Virginia Beach 4 - San Bernardino 3
TOP OF THE 9TH
Virginia Beach Deuces batting - Pitching for San Bernardino Grasshoppers : RHP Jim Unknown
Pitching: LHP Héctor Valentín
Batting: RHB Jorge Salgado 0-0: Foul Ball, location: 2F
0-1: Ball
1-1: Ground out 6-3 (Groundball, 6S)
Batting: RHB David Abreu 0-0: Ball
1-0: Foul Ball, location: 2F
1-1: Ground out 5-3 (Groundball, 56)
Batting: RHB António Acosta 0-0: Ground out 4-3 (Groundball, 4M)
Top of the 9th over - 0 run(s), 0 hit(s), 0 error(s), 0 left on base; Virginia Beach 4 - San Bernardino 3
BOTTOM OF THE 9TH
San Bernardino Grasshoppers batting - Pitching for Virginia Beach Deuces : RHP Manuel Vázquez
Pitching: RHP Jim Unknown
Now at 3B: Victor Housel
Batting: LHB Homer Spence 0-0: Called Strike
0-1: Ball
1-1: Ball
2-1: Fly out, F8 (Line Drive, 78M)
Batting: RHB Matt Roloff 0-0: Foul Ball, location: 2F
0-1: Ground out U3 (Groundball, 34)
Pinch Hitting: RHB José Ruíz 0-0: Ground out 5-3 (Groundball, 56S)
Bottom of the 9th over - 0 run(s), 0 hit(s), 0 error(s), 0 left on base; Virginia Beach 4 - San Bernardino 3
Friday, December 30th, 2016 - OOTP Baseball 17.12 Build 75